 Dungeon Crawl Stone Soup version bcrawl-1.18.1 (webtiles) character file.

Game seed: 18425287619476580352

2302 Freyura the Cudgeler (level 9, -14/56 HPs)
             Began as a Gargoyle Fighter on Nov 7, 2019.
             Was a Believer of the Shining One.
             Demolished by a two-headed ogre
             ... wielding a cursed -2 giant spiked club
              (17 damage)
             ... on level 6 of the Dungeon.
             The game lasted 00:14:23 (3859 turns).

Freyura the Cudgeler (Gargoyle Fighter)             Turns: 3859, Time: 00:14:23

Health: -14/56     AC: 16    Str: 24    XL:     9   Next: 40%
Magic:  12/12      EV:  8    Int: 10    God:    the Shining One [**....]
Gold:   497        SH: 11    Dex: 12    Spells: 8/8 levels left

rFire    + . .     SeeInvis .   a - +0 flail
rCold    . . .     Gourm    .   c - +0 shield
rNeg     + + .     Faith    .   o - +0 scale mail "Roikeso" {Str+5} (curse)
rPois    ∞         Spirit   .   (no helmet)
rElec    +         Reflect  .   (no cloak)
rCorr    +         Harm     .   x - +1 pair of gloves
MR       .....                  (no boots)
Stlth    ..........             (no amulet)
HPRegen  0.18/turn              y - ring of resist corrosion
MPRegen  0.13/turn              p - ring of protection from fire

@: hasted, glowing, very quick
A: negative energy resistance 1, electricity resistance, unbreathing,
petrification resistance, rot immunity, AC +6
a: Divine Shield, Renounce Religion


You were on level 6 of the Dungeon.
You worshipped the Shining One.
The Shining One was pleased with you.
You were not hungry.

You visited 1 branch of the dungeon, and saw 6 of its levels.

You collected 521 gold pieces.
You spent 24 gold pieces at shops.

Inventory:

Hand Weapons
 a - a +0 flail (weapon)
Armour
 b - a +0 scale mail
 c - a +0 shield (worn)
 o - the cursed +0 scale mail "Roikeso" (worn) {Str+5}
   (You found it on level 5 of the Dungeon)

   It affects your strength (+5).
   It has a curse placed upon it.
 r - a +0 pair of gloves
 x - a +1 pair of gloves (worn)
Jewellery
 g - an uncursed ring of magical power
 p - a ring of protection from fire (right hand)
 y - a ring of resist corrosion (left hand)
Wands
 i - a wand of disintegration (12)
Scrolls
 j - 4 scrolls of fog
 m - a scroll of amnesia
 n - 2 scrolls of teleportation
 s - a scroll of blinking
 u - a scroll of magic mapping {unknown}
 w - a scroll of identify
Potions
 d - 2 potions of mutation {unknown}
 e - a potion of flight
 h - a potion of haste
 k - a potion of brilliance {unknown}
 l - 4 potions of curing
 q - a potion of heal wounds {unknown}
 t - a potion of berserk rage {unknown}
 v - 2 potions of invisibility {unknown}
Comestibles
 f - 13 rations {!d}


   Skills:
 + Level 6.5 Fighting
 * Level 7.6 Maces & Flails
 + Level 6.4 Armour
 + Level 6.5 Shields
 + Level 4.3 Invocations


You had 8 spell levels left.
You didn't know any spells.
Your spell library was empty.

Dungeon Overview and Level Annotations

Branches:
Dungeon (6/12)             Temple (0/1) D:4

Altars:
Dithmenos
Elyvilon
Kikubaaqudgha
Lugonu
Makhleb
Sif Muna
Trog
The Shining One

Shops:
D:4 *   D:5 *


Innate Abilities, Weirdness & Mutations

You are resistant to torment.
Your stone body is resilient. (AC +6)
You are immune to poison.
You resist negative energy. (rN+)
You are resistant to electric shocks. (rElec)
You can survive without breathing.
You are immune to petrification.
You are immune to rotting.


Message History

The two-headed ogre hits you with a +0 giant club!!
* * * LOW HITPOINT WARNING * * *
You hit the two-headed ogre.
The two-headed ogre is moderately wounded.
You sock the two-headed ogre!
The two-headed ogre is heavily wounded.
The two-headed ogre hits you but does no damage.
You block the two-headed ogre's attack.
You hit the two-headed ogre but do no damage.
The two-headed ogre is heavily wounded.
You hit the two-headed ogre but do no damage.
The two-headed ogre is heavily wounded.
The two-headed ogre barely misses you.
The two-headed ogre hits you but does no damage.
You sock the two-headed ogre!
The two-headed ogre is severely wounded.
You thump the two-headed ogre!
The two-headed ogre is almost dead.
The two-headed ogre hits you with a cursed -2 giant spiked club!
You die...

.......................
..#.........._..8......
..#.†..###.............
......## ##....._..##.
#......#####...._.......
.........#.#.(#.........
..#.....(...............
..##.........##.........
.............#..@.$.....
................#O?.....
.##.............#.......
..............#........
##............#.##....#
##............. ....#
##. ...###. .. ...# ...
.. #... ..


You could see a two-headed ogre.

Vanquished Creatures
  Pikel (D:6)
  Duvessa (D:5)
  4 sky beasts
  3 phantoms
  A necrophage (D:5)
  An ogre (D:5)
  A centaur (D:5)
  A bullfrog (D:4)
  Blork the orc (D:5)
  Dowan (D:5)
  A scorpion (D:4)
  2 crimson imps
  A centaur skeleton (D:5)
  A hound (D:4)
  2 bullfrog skeletons (D:4)
  An iguana (D:5)
  2 worker ants
  A killer bee zombie (D:5)
  3 gnolls (D:4)
  3 adders
  A shadow imp (D:5)
  An adder skeleton (D:4)
  2 worms (D:2)
  A dart slug (D:2)
  5 leopard geckos
  13 orcs
  7 bats
  A giant cockroach (D:1)
  6 goblins
  11 hobgoblins
  10 jackals
  4 quokkas
  A ball python (D:1)
  3 frilled lizards
  5 kobolds
  A leopard gecko skeleton (D:4)
  A quokka skeleton (D:4)
  3 rats
108 creatures vanquished.

Vanquished Creatures (others)
  A centaur skeleton (D:6)
  A human (D:5)
  An ogre (D:5)
3 creatures vanquished.

Grand Total: 111 creatures vanquished

Notes
Turn   | Place    | Note
-------+----------+-------------------------------------------
     0 | D:1      | Freyura the Gargoyle Fighter began the quest for the Orb.
     0 | D:1      | Reached XP level 1. HP: 14/14 MP: 1/1
    99 | D:1      | Reached XP level 2. HP: 19/19 MP: 2/2
   309 | D:1      | Reached XP level 3. HP: 23/23 MP: 3/3
   854 | D:2      | Reached skill level 3 in Maces & Flails
   898 | D:3      | Found a glowing golden altar of the Shining One.
   904 | D:3      | Became a worshipper of the Shining One
   922 | D:3      | Reached XP level 4. HP: 29/29 MP: 4/4
  1232 | D:3      | Found a shimmering blue altar of Sif Muna.
  1393 | D:3      | Noticed a sky beast
  1428 | D:3      | Killed a sky beast
  1428 | D:3      | Reached skill level 4 in Maces & Flails
  1428 | D:3      | Reached XP level 5. HP: 28/33 MP: 5/5
  1711 | D:4      | Reached XP level 6. HP: 39/39 MP: 6/6
  2035 | D:4      | Found an ancient bone altar of Kikubaaqudgha.
  2056 | D:4      | Found a staircase to the Ecumenical Temple.
  2061 | D:4      | Reached * piety under the Shining One
  2188 | D:4      | Reached XP level 7. HP: 44/44 MP: 7/7
  2258 | D:4      | Reached skill level 5 in Maces & Flails
  2258 | D:4      | Reached skill level 1 in Invocations
  2266 | D:4      | Reached skill level 5 in Fighting
  2316 | D:4      | Reached skill level 5 in Armour
  2316 | D:4      | Reached skill level 5 in Shields
  2371 | D:4      | Found Uhorudos's General Store.
  2379 | D:4      | Bought a scroll of identify for 24 gold pieces
  2600 | D:5      | Entered Level 5 of the Dungeon
  2600 | D:5      | Found Myerr's Lightly-Used Armoury.
  2644 | D:5      | Reached XP level 8. HP: 45/49 MP: 9/9
  2661 | D:5      | Found a burning altar of Makhleb.
  2765 | D:5      | Reached skill level 6 in Maces & Flails
  2781 | D:5      | Got a shimmering scale mail
  2786 | D:5      | Noticed Duvessa
  2787 | D:5      | Noticed Dowan
  2793 | D:5      | Killed Duvessa
  2805 | D:5      | Killed Dowan
  2997 | D:5      | Noticed Blork the orc
  3009 | D:5      | Killed Blork the orc
  3279 | D:5      | Found an ancient bone altar of Kikubaaqudgha.
  3635 | D:6      | Identified the cursed +0 scale mail "Roikeso" {Str+5} (You
                  | found it on level 5 of the Dungeon)
  3706 | D:6      | Noticed Pikel
  3708 | D:6      | Reached ** piety under the Shining One
  3720 | D:6      | Killed Pikel
  3720 | D:6      | Reached skill level 7 in Maces & Flails
  3720 | D:6      | Reached XP level 9. HP: 40/56 MP: 10/12
  3842 | D:6      | Found a corrupted altar of Lugonu.
  3844 | D:6      | Found a white marble altar of Elyvilon.
  3844 | D:6      | Found a shadowy altar of Dithmenos.
  3844 | D:6      | Found a bloodstained altar of Trog.
  3847 | D:6      | Noticed a two-headed ogre
  3853 | D:6      | HP: 2/56 [two-headed ogre/cursed -2 giant spiked club (20)]
  3859 | D:6      | Demolished by a two-headed ogre

Skill      XL: |  1  2  3  4  5  6  7  8 |
---------------+-------------------------+-----
Maces & Flails | 3 4 5 7 |  7.6
Fighting       | 4 5 6 |  6.5
Armour         | 4 5 6 |  6.4
Shields        | 4 5 6 |  6.5
Invocations    | 2 4 |  4.3

Action                   |  1- 3 |  4- 6 |  7- 9 || total
-------------------------+-------+-------+-------++-------
Melee: Flail             |   141 |   191 |   156 ||   488
  Use: Scroll            |       |     8 |     4 ||    12
       Potion            |       |       |     2 ||     2
  Eat: Chunk             |       |     5 |     3 ||     8
       Ration            |       |       |     1 ||     1
Armor: Scale mail        |    79 |   104 |    83 ||   266
Dodge: Dodged            |    58 |    55 |    45 ||   158
Block: Shield            |    72 |   107 |    77 ||   256
